 Dungeon Crawl Stone Soup version 0.17-a0-1939-ga475588 (webtiles) character file.

25 KambridgeKobold the Skirmisher (level 3, -1/33 HPs)
             Began as a Hill Orc Abyssal Knight on Sept 29, 2015.
             Was a Follower of Lugonu.
             Slain by an adder (3 damage)
             ... on level 2 of the Dungeon.
             The game lasted 00:03:51 (1639 turns).

KambridgeKobold the Skirmisher (HOAK)               Turns: 1639, Time: 00:03:51

Health: -1/33      AC:  9    Str: 15    XL:     3   Next: 4%
Magic:  5/5        EV:  6    Int: 17    God:    Lugonu [*.....]
Gold:   52         SH:  0    Dex: 10    Spells: 0 memorised, 2 levels left

rFire  . . .     SeeInvis .     k - +0 whip
rCold  . . .     Clarity  .     g - +0 chain mail
rNeg   . . .     SustAt   .     (no shield)
rPois  .         Gourm    .     (no helmet)
rElec  .         Spirit   .     (no cloak)
rCorr  .         Warding  .     (no gloves)
rMut   .         Stasis   .     (no boots)
MR     .....                    (no amulet)
Stlth  ..........               (no ring)
                                (no ring)

@: brilliant, lethally poisoned (-1 -> -10), not resistant to hostile
enchantments, extremely unstealthy
A: no striking features
a: Depart the Abyss, Renounce Religion


You were on level 2 of the Dungeon.
You worshipped Lugonu.
Lugonu was aware of your devotion.
You were not hungry.

You visited 1 branch of the dungeon, and saw 2 of its levels.
You visited the Abyss 1 time.

You collected 52 gold pieces.

Inventory:

Hand weapons
 a - a +1 hand axe
 k - a +0 whip (weapon)
Missiles
 e - a throwing net (quivered)
Armour
 b - a +0 leather armour
 g - a +0 chain mail (worn)
Jewellery
 i - a +5 ring of dexterity {unknown}
Scrolls
 d - 2 scrolls of remove curse {unknown}
 h - a scroll of enchant weapon {unknown}
 l - a scroll of identify {unknown}
 m - a scroll of magic mapping {unknown}
 p - a scroll of immolation {unknown}
Potions
 n - a potion of might {unknown}
Comestibles
 c - a bread ration
 f - a meat ration
 o - 6 chunks of flesh


   Skills:
 + Level 4.1 Fighting
 + Level 3.1 Axes
 + Level 2.7 Armour
 - Level 0.7 Dodging
 - Level 2.7 Invocations


You had 2 spell levels left.
You didn't know any spells.

Dungeon Overview and Level Annotations

Branches:
Dungeon (2/15)

Altars:


Message History

You hit the adder.
The adder is almost dead.
You feel sick. The adder bites you but does no damage. The adder bites you.
You barely miss the adder.
The adder is almost dead.
You feel sick. The adder bites you.
* * * LOW HITPOINT WARNING * * *
You are more poisoned.
The adder poisons you!
You miss the adder.
The adder is almost dead.
* * * LOW HITPOINT WARNING * * *
You feel sick. The adder bites you.
* * * LOW HITPOINT WARNING * * *
Drink which item? (? for menu, Esc to quit)
It was a potion of brilliance.
You feel clever all of a sudden.
* * * LOW HITPOINT WARNING * * *
You feel sick. The adder bites you.
You die...

#+# # #.# #.
########.# .. #..
...#.## ##.
#.####....##
#...###.#.##.....####
#.S@...#..........#
#...###.#.##.#.####.#
### #.# #.#.#
#.####.#.# #....).#.#
########.# #.# #.#
#####.#####


You could see an adder.

Vanquished Creatures
  2 oozes (D:1)
  2 ball pythons (D:1)
  2 giant cockroaches
  2 goblins (D:1)
  2 kobolds
  4 bats (D:1)
  2 rats (D:1)
16 creatures vanquished.

Notes
Turn   | Place    | Note
--------------------------------------------------------------
     0 | Abyss:1  | KambridgeKobold the Hill Orc Abyssal Knight began the quest for the Orb.
     0 | Abyss:1  | Reached XP level 1. HP: 19/19 MP: 2/2
    44 | Abyss:1  | Noticed a thrashing horror
    49 | D:1      | Escaped the Abyss
   674 | D:1      | Reached XP level 2. HP: 27/27 MP: 4/4
   898 | D:1      | Acquired Lugonu's first power
  1449 | D:1      | Reached skill level 4 in Fighting
  1579 | D:2      | Reached XP level 3. HP: 33/33 MP: 5/5
  1639 | D:2      | Slain by an adder

Vault maps used:
D:1:      sevenhm_arrival_forest_fort_small_3, serial_co_window_serial,
          co_window_paths_a, co_window_corner_a, co_window_paths_b,
          co_window_paths_a, co_window_of_opportunity_a, co_window_corner_b,
          co_window_of_opportunity_b, co_window_broadway_a, co_window_corner_b,
          co_window_unsneaky_path_b, co_window_cross_3,
          co_window_unsneaky_path_d, co_window_4corner_b
D:2:      yredelemnul_forgotten_temple_becter, nicolae_overflow_crystal_walls,
          lemuel_doored_altar, overflow_temple_1_default

Action                   || total
-------------------------++-------
Melee: Hand axe          ||    10
       Whip              ||    76
Invok: Depart the Abyss  ||     1
  Use: Potion            ||     1
  Eat: Chunk             ||     2
